Map: King Sejong Station LE

Players

Welmu

  • Race: Protoss Protoss

TRUE - Winner!

  • Race: Zerg Zerg

Event: 2016 WCS Summer Circuit Championship (DH Montreal)

VOD

https://www.youtube.com/watch?v=SPg-eG6XPIU

Description

Time

  • Played on: Aug. 13, 2016, 6:29 p.m.
  • Length: 10:54

All games in this series

Show
View Real Time Build Order
Export as new Build Order

Welmu Protoss 

Build Orders: 1 Gate Expand, Oracle Opening 

Get SALT Encoding   

  12  0:00  Probe (Chrono Boost)  
  13  0:11  Probe (Chrono Boost)  
  14  0:19  Pylon  
  14  0:22  Probe (Chrono Boost)  
  15  0:37  Probe (Chrono Boost)  
  15  0:38  Gateway  
  16  0:43  Assimilator  
  16  0:47  Probe (Chrono Boost)  
  17  0:58  Probe (Chrono Boost)  
  18  1:08  Probe (Chrono Boost)  
  19  1:19  Probe (Chrono Boost)  
  20  1:28  Nexus  
  20  1:29  Probe (Chrono Boost)  
  21  1:38  Cybernetics Core  
  21  1:43  Assimilator  
  21  1:46  Probe (Chrono Boost)  
  22  1:53  Pylon  
  22  1:57  Probe (Chrono Boost)  
  23  2:11  Adept  
  23  2:13  Probe (Chrono Boost)  
  23  2:15  Warp Gate  
  26  2:24  Stargate  
  26  2:25  Probe (Chrono Boost)  
  27  2:34  Stalker  
  28  2:37  Probe (Chrono Boost)  
  28  2:41  Probe (Chrono Boost)  
  31  2:49  Probe (Chrono Boost)  
  32  2:51  Pylon  
  32  2:53  Probe (Chrono Boost)  
  33  3:01  Probe (Chrono Boost)  
  33  3:03  Oracle  
  33  3:04  Probe (Chrono Boost)  
  39  3:13  Probe (Chrono Boost)  
  39  3:14  Probe (Chrono Boost)  
  40  3:25  Probe (Chrono Boost)  
  40  3:26  Probe (Chrono Boost), Gateway x2  
  42  3:35  Oracle  
  42  3:37  Probe x2 (Chrono Boost)  
  42  3:40  Pylon  
  48  3:52  Probe (Chrono Boost), Mothership Core (Chrono Boost)  
  51  4:04  Probe (Chrono Boost)  
  51  4:11  Probe (Chrono Boost), Nexus  
  52  4:20  Probe (Chrono Boost)  
  52  4:21  Probe (Chrono Boost)  
  54  4:25  Pylon, Assimilator  
  54  4:28  Pylon, Assimilator  
  55  4:32  Probe x2 (Chrono Boost)  
  56  4:42  Probe (Chrono Boost)  
  56  4:44  Probe (Chrono Boost)  
  58  4:49  Twilight Council, Forge, Pylon  
  58  4:53  Probe (Chrono Boost)  
  58  4:54  Zealot, Sentry x2  
  58  4:56  Probe (Chrono Boost)  
  58  4:59  Pylon  
  66  5:03  Probe (Chrono Boost), Pylon  
  67  5:07  Robotics Facility  
  67  5:10  Blink, Probe (Chrono Boost)  
  69  5:14  Probe (Chrono Boost)  
  69  5:15  Protoss Ground Weapons Level 1  
  70  5:22  Probe (Chrono Boost)  
  70  5:23  Probe (Chrono Boost)  
  72  5:29  Probe (Chrono Boost)  
  72  5:34  Probe x2 (Chrono Boost)  
  74  5:35  Gateway  
  74  5:41  Probe (Chrono Boost)  
  75  5:44  Probe (Chrono Boost)  
  75  5:47  Probe (Chrono Boost)  
  75  5:49  Gateway  
  77  5:51  Gateway  
  77  5:53  Probe (Chrono Boost), Pylon  
  77  5:54  Warp Prism  
  77  5:55  Probe (Chrono Boost)  
  81  6:01  Gateway  
  81  6:02  Gateway  
  81  6:06  Sentry  
  81  6:07  Sentry x2  
  81  6:11  Probe x2 (Chrono Boost)  
  89  6:14  Pylon  
  89  6:15  Pylon  
  89  6:20  Probe (Chrono Boost)  
  89  6:25  Phoenix  
  90  6:30  Stalker x3  
  98  6:37  Probe x2 (Chrono Boost), Assimilator  
  98  6:38  Stalker  
  102  6:42  Assimilator  
  102  6:45  Pylon  
  102  6:58  Stalker x4  
  102  6:59  Stalker  
  112  7:01  Stalker x2  
  112  7:04  Stalker  
  118  7:08  Pylon  
  118  7:09  Pylon  
  118  7:25  Stalker x6  
  118  7:26  Stalker  
  124  7:36  Stalker  
  122  7:49  Stalker x3  
  118  7:58  Stalker x4  
  100  8:00  Stalker  
  76  8:21  Stalker x4  
  64  8:30  Probe (Chrono Boost)  
  64  8:32  Probe x2 (Chrono Boost)  
  65  8:37  Sentry x3  
  65  8:41  Probe (Chrono Boost)  
  72  8:44  Probe x2 (Chrono Boost)  
  74  8:51  Probe (Chrono Boost)  
  71  8:56  Probe x2 (Chrono Boost)  
  71  9:01  Sentry x4  
  71  9:02  Probe (Chrono Boost), Sentry  
  80  9:03  Sentry  
  80  9:07  Sentry  
  80  9:08  Probe x2 (Chrono Boost)  
  88  9:12  Stalker  
  88  9:14  Pylon  
  90  9:30  Zealot  
  92  9:35  Sentry x2, Stalker x3  
  91  9:55  Stalker  
  91  9:56  Stalker x2  
  90  10:10  Stalker x3  
  88  10:14  Stalker  
  70  10:24  Zealot x2  
  54  10:31  Sentry x2, Stalker x2  
  62  10:37  Stalker x2  
  66  10:43  Sentry x2  
Show
View Real Time Build Order
Export as new Build Order

TRUE Zerg - Winner!

Build Orders: Hatch First 

Get SALT Encoding   

  12  0:00  Drone  
  13  0:08  Drone  
  14  0:34  Hatchery  
  13  0:37  Drone  
  14  0:44  Overlord  
  14  0:51  Extractor, Drone  
  17  1:18  Drone  
  16  1:20  Drone  
  16  1:21  Extractor  
  16  1:24  Spawning Pool  
  15  1:30  Extractor  
  15  1:31  Drone  
  16  1:47  Hatchery  
  16  1:51  Drone  
  16  1:53  Drone  
  17  1:57  Drone  
  17  2:00  Drone  
  19  2:05  Drone  
  20  2:10  Drone  
  20  2:14  Drone  
  22  2:19  Drone  
  23  2:24  Drone  
  24  2:36  Queen  
  26  2:44  Zergling x4  
  28  2:54  Overlord  
  28  2:59  Queen  
  28  3:02  Queen  
  28  3:03  Drone  
  28  3:04  Drone  
  34  3:09  Overlord  
  34  3:12  Overlord  
  34  3:17  Drone x2  
  36  3:20  Pneumatized Carapace  
  36  3:21  Overlord  
  36  3:23  Drone  
  36  3:26  Drone  
  38  3:27  Drone  
  38  3:28  Drone  
  38  3:33  Drone x2  
  42  3:36  Drone  
  42  3:39  Drone  
  44  3:43  Drone  
  44  3:46  Queen  
  47  3:49  Drone  
  47  3:50  Drone  
  47  3:54  Drone  
  50  3:58  Drone  
  50  4:01  Drone  
  52  4:04  Drone  
  52  4:06  Queen x2  
  52  4:08  Drone  
  52  4:09  Drone  
  59  4:13  Overlord  
  59  4:16  Overlord  
  55  4:19  Drone  
  55  4:21  Drone  
  55  4:23  Drone  
  57  4:25  Drone  
  57  4:28  Drone  
  57  4:30  Drone  
  61  4:31  Drone  
  61  4:33  Metabolic Boost  
  61  4:38  Drone x3  
  61  4:46  Drone x5  
  61  4:48  Drone  
  61  4:49  Drone  
  61  4:52  Drone  
  69  4:54  Drone  
  69  4:56  Drone  
  69  4:57  Extractor  
  69  4:58  Extractor  
  69  4:59  Drone  
  70  5:00  Drone  
  70  5:01  Drone  
  70  5:03  Drone  
  70  5:04  Drone  
  70  5:06  Drone  
  75  5:08  Drone x2  
  75  5:09  Drone  
  77  5:18  Evolution Chamber  
  77  5:19  Drone x6  
  82  5:24  Roach Warren  
  81  5:30  Lair  
  81  5:33  Extractor  
  80  5:36  Drone x2  
  80  5:37  Overlord  
  80  5:38  Hatchery  
  80  5:39  Overlord  
  80  5:41  Overlord  
  78  5:43  Overlord  
  78  5:44  Zerg Melee Weapons Level 1  
  78  5:49  Overlord  
  78  5:52  Overlord  
  78  6:01  Zergling x2  
  78  6:02  Zergling x22  
  90  6:08  Extractor  
  90  6:10  Extractor  
  90  6:11  Overlord  
  88  6:16  Overlord  
  88  6:17  Baneling Nest  
  87  6:18  Zergling x4  
  87  6:19  Zergling x8  
  87  6:22  Queen  
  87  6:23  Queen, Zergling x2  
  100  6:26  Overlord  
  100  6:28  Zergling x4  
  100  6:30  Zergling x8  
  106  6:33  Zergling x2  
  106  6:39  Zergling x2  
  108  6:40  Zergling x4  
  108  6:45  Queen  
  112  6:48  Overlord  
  112  6:51  Drone  
  112  6:53  Drone  
  112  6:54  Drone x6  
  117  6:55  Zergling x2  
  117  7:00  Baneling  
  121  7:02  Baneling x2  
  121  7:04  Baneling x3  
  121  7:06  Spore Crawler  
  121  7:07  Zergling x8  
  121  7:08  Zergling x4  
  126  7:14  Centrifical Hooks, Zergling x6  
  130  7:16  Zergling x6  
  130  7:18  Hatchery  
  130  7:19  Zergling x2  
  130  7:22  Zergling x2  
  131  7:23  Zergling x4  
  131  7:25  Baneling  
  131  7:26  Baneling x3  
  131  7:27  Baneling x6  
  130  7:33  Baneling x3  
  130  7:34  Zergling x6  
  130  7:35  Zergling x6  
  136  7:37  Zergling x2  
  136  7:39  Zergling x2  
  136  7:41  Zergling x2  
  136  7:42  Zergling x2  
  136  7:43  Zergling x2  
  139  7:45  Zergling x2  
  139  7:47  Zergling x2  
  139  7:49  Zergling x2  
  134  7:57  Zergling x2  
  134  7:58  Zergling x8  
  119  8:00  Zergling x2  
  119  8:02  Baneling x4  
  119  8:04  Zergling x2  
  119  8:05  Zergling x2  
  119  8:06  Zergling x2  
  119  8:08  Zergling x4  
  119  8:11  Zergling x2  
  114  8:13  Zergling x4  
  114  8:14  Zergling x4  
  114  8:15  Zergling x4  
  106  8:26  Zergling x6  
  103  8:27  Zergling x4  
  103  8:29  Zerg Melee Weapons Level 2, Zergling x2  
  103  8:32  Zergling x2  
  107  8:37  Zergling x2  
  107  8:38  Queen  
  107  8:40  Zergling x4  
  107  8:41  Zergling x4  
  113  8:42  Zergling x2  
  113  8:43  Zergling x2  
  113  8:47  Hydralisk Den  
  115  8:49  Zergling x2  
  115  8:51  Zergling x2  
  115  8:54  Zergling x4  
  115  8:55  Zergling x2  
  117  8:56  Overlord  
  117  9:02  Zergling x8  
  121  9:05  Baneling x3, Zergling x2  
  122  9:13  Zergling x2  
  122  9:14  Zergling x10  
  122  9:16  Zergling x2  
  129  9:18  Lurker Den  
  129  9:30  Baneling x9  
  123  9:40  Baneling  
  123  9:41  Baneling x2, Zergling x22  
  132  9:46  Zergling x6  
  132  9:47  Zergling x2  
  132  9:48  Zergling x2  
  132  9:49  Zergling x2  
  132  9:51  Zergling x2  
  136  9:58  Zergling x2  
  136  9:59  Zergling x4  
  135  10:03  Zergling x2  
  135  10:04  Zergling x10  
  132  10:09  Zergling x2  
  132  10:10  Zergling x2  
  132  10:13  Zergling x2  
  132  10:14  Zergling x2  
  122  10:18  Hydralisk x4  
  119  10:21  Hydralisk  
  119  10:23  Hydralisk  
  119  10:24  Hydralisk  
  121  10:29  Hydralisk  
Tags
 
Add a new tag
Caveats
  • Supply blocks, unpowered buildings, or Contaminate may cause inaccurate times.
  • Supply counts are checked every 10 seconds.